 Dungeon Crawl Stone Soup version 0.31-a0-263-ge8cad7f256 (webtiles) character file.

Game seed: 9304825537651109722

41 qw the Shooter (level 3, 0/29 HPs)
             Began as a Minotaur Hexslinger on July 13, 2023.
             Slain by a goblin
             ... wielding a +3 dagger
              (3 damage)
             ... on level 1 of the Dungeon.
             The game lasted 00:00:20 (936 turns).

qw the Shooter (Minotaur Hexslinger)                 Turns: 936, Time: 00:00:21

Health: 0/29       AC:  5    Str: 12    XL:     3   Next: 32%
Magic:  3/3        EV: 11    Int: 10    God:
Gold:   40         SH:  0    Dex: 14    Spells: 3/4 levels left

rFire   . . .        Y - +2 sling (elec)
rCold   . . .        (no shield)
rNeg    . . .        k - +0 ring mail
rPois   .            (helmet restricted)
rElec   .            (no cloak)
rCorr   .            (no gloves)
SInv    .            (no boots)
Will    .....        (no amulet)
Stlth   +            (no ring)
HPRegen 0.24/turn    (no ring)
MPRegen 0.08/turn

%: no passive effects
@: about to teleport
A: horns 2, retaliatory headbutt
a: no special abilities


You were on level 1 of the Dungeon.
You visited 1 branch of the dungeon, and saw 2 of its levels.

You collected 40 gold pieces.


Innate Abilities, Weirdness & Mutations

You have a pair of horns on your head.
You reflexively headbutt those who attack you in melee.


   Skills:
 - Level 2.2 Fighting
 + Level 3.8 Ranged Weapons
 - Level 2.1 Dodging
 - Level 1.0 Spellcasting
 - Level 2.0 Hexes


You had 3 spell levels left.
You knew the following spells:

 Your Spells              Type           Power      Damage    Failure   Level
a - Slow                  Hex            16%        N/A       34%         1

Your spell library contained the following spells:

 Spells                   Type           Power      Damage    Failure   Level
 Inner Flame              Hex/Fire       2%         N/A       83%         3
 Portal Projectile        Hex/Tloc       4%         N/A       83%         3
 Cause Fear               Hex            2%         N/A       98%         4

Inventory:

Hand Weapons
 Y - a +2 sling of electrocution (weapon)
Armour
 k - a +0 ring mail (worn)
Jewellery
 j - a ring of ice
Scrolls
 g - a scroll of identify
 i - a scroll of teleportation
Potions
 d - a potion of enlightenment {unknown}
 e - a potion of curing {unknown}

Dungeon Overview and Level Annotations

Branches:
Dungeon (2/15)

Altars:


Message History

Waypoint 1 assigned to D:2.
You shoot a sling bullet. The sling bullet hits the worm.
The worm is moderately wounded.
You shoot a sling bullet.
The sling bullet barely misses the worm.
The bat hits you but does no damage.
You shoot a sling bullet. The sling bullet hits the bat.
You kill the bat!
You shoot a sling bullet. The sling bullet hits the worm.
The worm is moderately wounded.
The goblin hits you but does no damage. The kobold closely misses you.
A goblin comes into view. It is wielding a +0 club.
The worm barely misses you. You furiously retaliate!
You headbutt the worm. The kobold closely misses you. You furiously retaliate!
You headbutt the kobold, but do no damage.
The goblin hits you but does no damage.
You shoot a sling bullet. The sling bullet hits the worm.
The worm is severely wounded.
A rat comes into view.
The kobold barely misses you. The goblin hits you with a +3 dagger.
932 ||| STAIRDANCE The goblin hits you but does no damage.
The worm bites you! The kobold hits you with a +0 dagger.
You climb upwards.
There is a stone staircase leading down here.
Enter note:
Enter note:
Enter note: You shoot a sling bullet.
The sling bullet barely misses the worm.
The kobold hits you but does no damage. The goblin hits you with a +3 dagger.
The worm bites you!
935 ||| READING 2 scrolls of teleportation.
As you read the scroll of teleportation, it crumbles to dust.
You feel strangely unstable. The kobold hits you but does no damage.
The goblin closely misses you.
You shoot a sling bullet.
The sling bullet barely misses the worm.
The kobold hits you but does no damage. The goblin hits you with a +3 dagger.
You die...

## .# .# .####
....#######
.....?....########
...............Kg#
###.#####.######@#
#.......# #w#
######..# #.# ###
#..# #.#
..######..# #.#
..........# #.#
#.######.## #.#
..# #.# #.# #.#
#.# #.#


You could see a worm, a goblin and a kobold.

Vanquished Creatures
  A gnoll (D:1)
  A dart slug (D:1)
  4 ball pythons (D:1)
  5 bats
  An endoplasm (D:1)
  A giant cockroach (D:1)
  3 hobgoblins (D:1)
  2 kobolds (D:1)
  2 quokkas (D:1)
  3 frilled lizards (D:1)
  A goblin (D:1)
  6 rats (D:1)
30 creatures vanquished.

Notes
Turn   | Place    | Note
-------+----------+-------------------------------------------
     0 | D:1      | qw the Minotaur Hexslinger began the quest for the Orb.
     0 | D:1      | Reached XP level 1. HP: 16/16 MP: 1/1
     0 | D:1      | 0 ||| qw: Version: 0.3-a-52-g30416fa
     0 | D:1      | 0 ||| qw: Game counter: 7111
     0 | D:1      | 0 ||| qw: Melee chars always use a shield: true
     0 | D:1      | 0 ||| qw: God list: Okawaru
     0 | D:1      | 0 ||| qw: Allow faded altars: false
     0 | D:1      | 0 ||| qw: Do Orc after clearing Dungeon:15 true
     0 | D:1      | 0 ||| qw: Do second Lair branch before Depths: true
     0 | D:1      | 0 ||| qw: Lair rune preference: random
     0 | D:1      | 0 ||| qw: Goals: Normal
     0 | D:1      | 0 ||| PLANNING D:1-11
   157 | D:1      | Reached skill level 3 in Ranged Weapons
   164 | D:1      | Reached XP level 2. HP: 8/23 MP: 2/2
   255 | D:1      | HP: 5/24 [hobgoblin (3)]
   378 | D:1      | Reached XP level 3. HP: 21/29 MP: 3/3
   893 | D:1      | 893 ||| UPGRADING to +0 ring mail.
   903 | D:1      | 903 ||| DROPPING +0 robe.
   904 | D:1      | 904 ||| READING scroll labelled IBUPRO YRHUELUI.
   905 | D:1      | 905 ||| READING 2 scrolls labelled WIB ZAG EPPIODISE.
   906 | D:1      | 906 ||| READING scroll labelled GAVINN HUXTENG.
   907 | D:1      | 907 ||| READING 3 scrolls labelled COOMOITOSE.
   911 | D:1      | 911 ||| READING scroll labelled ZOSEIZ MEUCEUL.
   912 | D:1      | 912 ||| READING scroll labelled KOCO HIFEYZO.
   913 | D:1      | 913 ||| DROPPING scroll of poison.
   932 | D:2      | 932 ||| STAIRDANCE
   934 | D:1      | HP: 3/29 [worm (7)]
   935 | D:1      | 935 ||| READING 2 scrolls of teleportation.
   936 | D:1      | Slain by a goblin

Levels and vault maps discovered:
D:1:      dpeg_arrival_ratfight, layout_loops_ring, minmay_misc_feat_plants,
          minmay_pentomino_w2
D:2:      layout_basic, basic_altar

Skill      XL: |  1  2 |
---------------+-------+-----
Ranged Weapons | 3 |  3.8
Fighting       | 2 |  2.2
Dodging        | |  2.1
Spellcasting   | |  1.0
Hexes          | |  2.0

Action                     || total
---------------------------++-------
   Fire: Sling             ||    79
    Use: Scroll            ||     7
 Armour: Robe              ||     5
         Ring mail         ||     7
  Dodge: Dodged            ||    30

Table legend:
 A = Non-vault XP
 B = Vault XP
 C = Vault XP percentage of total XP
 D = Non-vault monster count
 E = Vault monster count
 F = Vault count percentage of total count
                 A         B        C        D         E       F
            +---------+---------+-------+---------+---------+-------
      Total |      40 |      19 |  32.2 |      23 |       7 |  23.3
            +---------+---------+-------+---------+---------+-------
        D:1 |      38 |      19 |  33.3 |      22 |       7 |  24.1
        D:2 |       2 |       0 |   0.0 |       1 |       0 |   0.0
            +---------+---------+-------+---------+---------+-------
